 Dungeon Crawl Stone Soup version 0.24.0-123-gd5b16e6ec5 (webtiles) character file.

Game seed: 10634791756629824, levelgen mode: deterministic

21 vurker the Gusty (level 2, -8/16 HPs)
             Began as a Tengu Air Elementalist on Dec 19, 2019.
             Mangled by a worm (10 damage)
             ... on level 2 of the Dungeon.
             The game lasted 00:01:14 (558 turns).

vurker the Gusty (Tengu Air Elementalist)            Turns: 558, Time: 00:01:15

Health: -8/16      AC:  2    Str:  8    XL:     2   Next: 83%
Magic:  0/6        EV: 12    Int: 15    God:
Gold:   47         SH:  0    Dex: 14    Spells: 4/5 levels left

rFire    . . .     SeeInvis .   f - +0 dagger
rCold    . . .     Gourm    .   (no shield)
rNeg     . . .     Faith    .   a - +0 robe
rPois    .         Spirit   .   (helmet restricted)
rElec    .         Reflect  .   (no cloak)
rCorr    .         Harm     .   (no gloves)
MR       .....                  (boots unavailable)
Stlth    ++........             (no amulet)
HPRegen  0.05/turn              (no ring)
MPRegen  0.10/turn              (no ring)

@: no status effects
A: beak, talons 3
a: no special abilities


You were on level 2 of the Dungeon.
You were not hungry.

You visited 1 branch of the dungeon, and saw 2 of its levels.

You collected 47 gold pieces.

Inventory:

Hand Weapons
 f - a +0 dagger (weapon)
   (You took it off a goblin on level 2 of the Dungeon)
Armour
 a - a +0 robe (worn)
Jewellery
 g - an uncursed ring of fire
   (You found it on level 2 of the Dungeon)
Scrolls
 b - a scroll of identify {unknown}
 d - a scroll of remove curse {unknown}
Comestibles
 c - 5 chunks of flesh
 e - a ration


   Skills:
 + Level 0.6 Fighting
 - Level 2.1 Dodging
 - Level 2.0 Stealth
 * Level 2.3 Spellcasting
 * Level 2.3 Conjurations
 * Level 4.3 Air Magic


You had 4 spell levels left.
You knew the following spells:

 Your Spells              Type           Power        Failure   Level  Hunger
a - Shock                 Conj/Air       ##..         5%          1    #......

Your spell library contained the following spells:

 Spells                   Type           Power        Failure   Level  Hunger
 Swiftness                Chrm/Air       #.......     13%         2    ###....
 Static Discharge         Conj/Air       ##......     16%         3    ###....
 Airstrike                Air            ##........   34%         4    #####..
 Lightning Bolt           Conj/Air       ##........   83%         5    ######.


Dungeon Overview and Level Annotations

Branches:
Dungeon (1/15)

Altars:


Innate Abilities, Weirdness & Mutations

You have a beak for a mouth.
You have claws for feet.


Message History

A rat comes into view.
Aim: a rat (hasn't noticed you)
The zap hits the rat.
You kill the rat!
You can't see any susceptible monsters within range! (Use Z to cast anyway.)
You can't see any susceptible monsters within range! (Use Z to cast anyway.)
You can't see any susceptible monsters within range! (Use Z to cast anyway.)
g - a sapphire ring You feel more attuned to fire.
g - a ring of fire (left hand)
You remove your ring of fire.
A worm comes into view.
A worm is nearby!
Aim: a worm (resting)
The zap hits the worm.
Aim: a worm (lightly wounded)
The zap hits the worm.
Aim: a worm (moderately wounded)
You miscast Shock.
You are very lightly contaminated with residual magic.
Sparks fly from your hands!
Aim: a worm (moderately wounded)
The zap hits the worm.
Aim: a worm (heavily wounded)
The zap hits the worm.
Aim: a worm (heavily wounded)
The zap hits the worm.
You don't have enough magic to cast that spell.
The worm bites you.
You hit the worm but do no damage. You hit the worm. The worm misses you.
You hit the worm.
A bat comes into view.
You hit the worm but do no damage. You peck the worm, but do no damage.
The worm bites you!
Ouch! That really hurt!
* * * LOW HITPOINT WARNING * * *
Aim: a worm (heavily wounded)
The zap hits the worm.
The zap hits the bat.
You kill the bat!
The worm bites you.
* * * LOW HITPOINT WARNING * * *
You see here a goblin skeleton.
Your magical contamination has completely faded away.
Aim: a worm (heavily wounded)
The zap hits the worm.
There is a stone staircase leading down here.
You hit the worm. You peck the worm, but do no damage. The worm bites you!
Ouch! That really hurt!
You die...

##### .. #.# ....#
#.# #.# .##.# .. #.#
.'..# #.##.# .#..#
#..#.# .#..# #.#.#
.#..##########.รท.#
.#............#.w# #
.#.########.....@#.#
##..........#......#
#########..##.......#
#.....#####.#
#.#..... # ..#.####
####.# #.#


You could see a worm.

Vanquished Creatures
  A worm (D:2)
  A leopard gecko (D:1)
  2 bats
  A giant cockroach (D:2)
  4 hobgoblins (D:1)
  2 frilled lizards
  A goblin (D:2)
  2 kobolds (D:1)
  3 rats
17 creatures vanquished.

Notes
Turn   | Place    | Note
-------+----------+-------------------------------------------
     0 | D:1      | vurker the Tengu Air Elementalist began the quest for the
                  | Orb.
     0 | D:1      | Reached XP level 1. HP: 10/10 MP: 4/4
   130 | D:1      | Reached XP level 2. HP: 11/15 MP: 0/6
   357 | D:1      | You fall into a shaft and drop 1 floor!
   558 | D:2      | Mangled by a worm

Levels and vault maps discovered:
D:1:      onia_arrival_pyramid, layout_loops_ring, serial_forest,
          infiniplex_forest_corner_2, infiniplex_forest_clump_cross,
          infiniplex_forest_clump_small, infiniplex_forest_side_room,
          infiniplex_forest_lined_1, infiniplex_forest_clump_double,
          infiniplex_forest_clump_curved
D:2:      layout_basic

Skill      XL: |  1  2 |
---------------+-------+-----
Conjurations   | 2 |  2.3
Fighting       | |  0.6
Dodging        | |  2.1
Stealth        | |  2.0
Spellcasting   | |  2.3
Air Magic      | |  4.3

Action                   || total
-------------------------++-------
Melee: Unarmed           ||    11
       Dagger            ||     5
       Peck              ||     3
       Kick              ||     1
 Cast: Shock             ||    38
Armor: Robe              ||     1
Dodge: Dodged            ||     6
